[Event "27th OIBM 2024"]
[Site "Gmund am Tegernsee"]
[Date "2024.10.28"]
[Round "3.9"]
[White "Berry, Neil"]
[Black "Quparadze, Giga"]
[Result "0-1"]
[ECO "E11"]
[WhiteElo "2248"]
[BlackElo "2522"]
[Annotator "TA"]
[PlyCount "132"]
[EventDate "2024.09.16"]
[EventType "swiss"]
[EventCountry "GER"]
[SourceTitle "playchess.com"]
[Source "ChessBase"]
[SourceQuality "1"]
[TimeControl "40/5400+30:1800+30"]

1. d4 Nf6 2. c4 e6 3. Nf3 Bb4+ 4. Nbd2 a5 5. a3 Bxd2+ 6. Bxd2 O-O 7. Qc2 d5 8. Bg5 {[%emt 0:01:52] White is slightly better.} Nbd7 9. e3 h6 10. Bh4 a4 11. Bd3 c5 12. O-O dxc4 13. Bxc4 cxd4 14. Nxd4 (14. exd4 Qa5 $11) 14... Ne5 15. Be2 Ng6 16. Bg3 e5 17. Nb5 Be6 18. Rfd1 Qc8 19. Qc7 Bb3 20. Rdc1 Qxc7 21. Rxc7 Rad8 (21... Rfd8 $11) 22. Rxb7 $16 Rd2 23. Nc3 Rc8 {[%emt 0:00:05][%cal Oc8c3] aiming for ...Rxc3!} 24. Bf1 $1 Ra8 25. f3 e4 26. Nxe4 (26. Be1 $16 Rc2 27. fxe4) 26... Nxe4 $14 27. fxe4 Rc8 28. Rb8 (28. Rb1 $16) 28... Rxb8 $1 $11 29. Bxb8 Rxb2 30. Ba7 Nh4 31. Bd4 Rc2 32. Re1 Be6 ({Better is} 32... Ra2 $11) 33. Be2 (33. Re2 $1 $14 Rc1 34. Kf2) 33... Bg4 34. Kf1 (34. Bxg4 Rxg2+ (34... Nxg2 $2 35. Re2 $18) 35. Kf1 Rxg4 $17) (34. Bf1 Bf3 $14) 34... Nxg2 35. Bxg4 {[%emt 0:03:27] A strong pair of Bishops.} Nxe1 36. Kxe1 {[%emt 0:00:05] Strongly threatening h3.} Rxh2 37. Bd7 Ra2 (37... h5 $11) 38. Bc5 $16 h5 (38... g5 $14) 39. Bxa4 ({Only move:} 39. e5 $1 $16) 39... g5 $1 $11 40. Bd7 g4 41. e5 g3 42. e6 $2 (42. Kf1 $1 $11 {and White stays safe.}) 42... g2 $19 43. e4 Ra1+ 44. Ke2 {[%emt 0:00:09] [#]} fxe6 45. Bxe6+ Kg7 46. Bd4+ {[%emt 0:00:54] [#]} Kg6 $2 (46... Kh6 $1 $19 47. Be3+ Kg6 48. Bf5+ Kf7) 47. Bf5+ $1 $15 Kf7 {[%emt 0:00:10][%cal Oh5h4] And now ...h4! would win.} 48. a4 $2 {[%emt 0:01:03][%mdl 8192] [#]} (48. Kf3 $15 g1=Q (48... g1=R 49. Bxa1 Rxa1 50. Kf4 $15) 49. Bxg1 Rxg1 50. Kf4) 48... h4 $1 $19 49. a5 (49. Bxa1 g1=Q) 49... g1=Q (49... g1=R 50. Bxg1 Rxg1 51. a6 $19) 50. Bxg1 Rxg1 {[%emt 0:00:10] KR-KB} 51. a6 Kf6 52. Bc8 Rg3 53. Kf2 Kg5 $2 (53... Rc3 {mates} 54. Bb7 Ra3 55. Bc8 Ke5 56. Bf5 Rxa6 57. Kg2 Kf6 58. Kh3 Kg5 59. Kh2 Ra2+ 60. Kh3 Re2 61. Bd7 Re3+ (61... Rxe4 $2 62. Kh2 $19) 62. Kh2 Rxe4 63. Kh3 Re3+ 64. Kg2 Rg3+ 65. Kh2 Rd3 66. Bc8 Rf3 67. Kg2 Kf4 68. Bh3 Rc3 69. Be6 Rg3+ 70. Kh2 h3 71. Bf5 Rg2+ 72. Kxh3 Rg3+ 73. Kh2 Kf3 74. Bd3 Kf2 75. Bc2 Ra3 76. Bd1 Ra1 77. Bh5 Ra5 78. Bf7 Ra7 79. Bg6 Ra6 80. Bh5 Rh6 81. Kh3 Rxh5+ 82. Kg4 Re5 83. Kf4 Re3 84. Kg5 Kf3 85. Kf5 Re4 86. Kg6 Kf4 87. Kf6 Kg4 88. Kg7 Kf5 89. Kf7 Kg5 90. Kg7 Rf4 91. Kh8 Kh6 92. Kg8 Kg6 93. Kh8 Rf8#) 54. e5 $11 Rc3 55. Bb7 Ra3 {[%emt 0:00:07] ( -> ...Kf5)} 56. e6 {[%emt 0:00:34] Threatens to win with e7.} Kf6 57. Kg2 $2 (57. Bc8 $15) 57... Kxe6 {[%emt 0:00:09] Black mates.} 58. Kh2 Kf5 59. Kg2 h3+ 60. Kh2 Kg4 61. Bc8+ Kh4 62. Bb7 Ra2+ 63. Kg1 h2+ 64. Kf1 Kg3 65. Ke1 h1=Q+ 66. Bxh1 Ra1+ {[%emt 0:00:02] Weighted Error Value: White=0.53/Black=0.26 (precise) .  Loses game:     	White=3     	---        Mistake:       	White=4     	Black=4      Inaccurate:     	White=3     	Black=3      OK:         	White=12    	Black=19     Best:        	White=1     	Black=4      Strong:       	White=1     	Black=2} ({Weaker is} 66... Rxa6 67. Bd5 $11) 0-1

[Event "27th OIBM 2024"]
[Site "Gmund am Tegernsee"]
[Date "2024.10.28"]
[Round "3.10"]
[White "Deuer, Marius"]
[Black "Ploetz, Werner"]
[Result "1-0"]
[ECO "A19"]
[WhiteElo "2477"]
[BlackElo "2229"]
[Annotator "TA"]
[PlyCount "83"]
[EventDate "2024.09.16"]
[EventType "swiss"]
[EventCountry "GER"]
[SourceTitle "playchess.com"]
[Source "ChessBase"]
[SourceQuality "1"]
[TimeControl "40/5400+30:1800+30"]

1. c4 Nf6 2. Nc3 e6 3. e4 c5 4. e5 Ng8 5. Nf3 Nc6 6. d4 cxd4 7. Nxd4 Nxe5 8. Ndb5 a6 9. Nd6+ Bxd6 10. Qxd6 f6 11. Be3 {[%emt 0:00:22][%mdl 1024] White has compensation.} Ne7 12. Bb6 Nf5 13. Qb4 Nc6 {[%emt 0:00:44] The position is equal.} 14. Qc5 Qe7 15. Qxe7+ Ncxe7 16. O-O-O d5 17. b3 O-O 18. Be2 {[%emt 0:18:39] White is more active.} (18. Kb2 $16) 18... Bd7 19. cxd5 Nxd5 (19... Rfc8 $14 20. Kb2 Rxc3) 20. Nxd5 $16 {[%emt 0:00:06] Black is on the road to losing.} exd5 21. Rxd5 Rac8+ 22. Kb2 Be6 23. Rd2 Rfe8 24. Bf3 Re7 25. g3 {[%emt 0:00:35] Prevents Nh4} Kf7 26. Rhd1 {[%emt 0:02:54] Black must now prevent Bd8.} Ke8 (26... Ree8 $16 27. Bd8 (27. Bxb7 Rb8 $11) 27... Rb8) 27. Rd8+ $18 Kf7 28. a4 g6 29. a5 Ng7 30. Rxc8 Bxc8 31. Rd8 Re8 {[%emt 0:03:34] [#]} 32. Rxc8 Rxc8 33. Bxb7 {[%emt 0:00:04][%mdl 4096] Endgame. KRN-KB} Re8 (33... Rb8 {was worth a try.} 34. Bxa6 Ke6) 34. Bxa6 {[%emt 0:00:08] White is clearly winning.} Nf5 35. Bb7 Nd6 36. Bd5+ Ke7 (36... Kg7 $142 37. Kc3 (37. a6 Re2+ 38. Ka3 Re5 $18) 37... g5) 37. a6 Nc8 38. Bc5+ {[%emt 0:00:05] This pair of bishops is nice.} Kd7 39. a7 Nxa7 40. Bxa7 Kd6 41. Bf3 h5 42. b4 {[%emt 0:00:18] Weighted Error Value: White=0.02 (flawless) /Black=0.31.  Mistake:       	White=1     	Black=4      Inaccurate:     	---       	Black=2      OK:         	White=17    	Black=9      Best:        	White=3     	---} 1-0

[Event "27th OIBM 2024"]
[Site "Gmund am Tegernsee"]
[Date "2024.10.28"]
[Round "3.11"]
[White "Schnepp, Gunnar"]
[Black "Costa, Leonardo"]
[Result "0-1"]
[ECO "B43"]
[WhiteElo "2243"]
[BlackElo "2472"]
[Annotator "TA"]
[PlyCount "68"]
[EventDate "2024.09.16"]
[EventType "swiss"]
[EventCountry "GER"]
[SourceTitle "playchess.com"]
[Source "ChessBase"]
[SourceQuality "1"]
[TimeControl "40/5400+30:1800+30"]

1. e4 c5 2. Nf3 e6 3. d4 cxd4 4. Nxd4 a6 5. a3 Nf6 6. Nc3 Qc7 7. f4 d6 8. Bd3 Nbd7 9. Be3 Nc5 {[%emt 0:03:45] The position is equal.} 10. g4 h6 11. Qf3 b5 12. Rf1 Bb7 (12... Nfd7 $11 {keeps the balance.}) 13. g5 $1 $16 Nfd7 {[%emt 0:00:07] [#]} 14. h4 (14. g6 $1 $16) 14... hxg5 15. hxg5 g6 16. O-O-O Nb6 (16... O-O-O $14) 17. Kb1 d5 (17... O-O-O $16) 18. f5 $18 gxf5 19. exf5 e5 20. Qg3 O-O-O {[%emt 0:02:31] [#]} 21. Ndxb5 axb5 22. Nxb5 Qb8 23. g6 Rg8 24. Qh3 (24. gxf7 $2 Rxg3 25. Bxc5 Bxc5 $19) ({White should try} 24. Bg5 $14 Nbd7 25. gxf7 Rxg5 26. Qxg5) 24... f6 $15 {[%emt 0:01:14] ...d4 would now be deadly.} 25. Qh4 {[%emt 0:03:06] [#]} d4 $1 (25... Nxd3 $2 26. Bxb6 (26. cxd3 Bc6 $18) 26... Bc6 27. Na7+ (27. cxd3 Qxb6 28. Qxf6 Qxb5 $11) (27. Bxd8 Nxb2 28. Rf3 Nxd1 $11) (27. Qxf6 Qxb6 $16) 27... Kd7 28. Qxf6 (28. Bxd8 $2 Qxb2#) 28... Qxb6 29. Rxd3 $18) 26. Nxd4 {[%emt 0:00:49] Hoping for Ne6.} Nd5 {[%emt 0:02:49] Really sharp!} (26... Rxd4 27. Bxd4 exd4 28. Rfe1 $14 (28. Qxf6 Qd6 $16)) 27. Bg1 (27. Ne6 $17 Nxe6 (27... Nxe3 $2 {is the wrong capture.} 28. Nxd8 Bd5 29. Qxf6 $16) 28. fxe6 Nxe3 29. e7 Bxe7 (29... Nxf1 30. Qc4+ Qc7 31. Bf5+ Kb8 32. Qxc7+ Kxc7 33. exd8=Q+ Kc6 34. Bd7+ Kc5 35. Qc7+) 30. Qh3+ Kc7 (30... f5 $2 31. Bxf5+ Nxf5 32. Qxf5+ Kc7 33. Qxe5+ Kb6 34. Qxe7 $18) 31. Qxe3) 27... exd4 28. Bxd4 Be7 $2 (28... Nxd3 $19 29. Rxd3 Bg7) 29. Bc4 Rg7 (29... Rh8 $17 30. Qg4 Qc7) 30. Bxd5 (30. Qh6 $5 Rgg8 $8 31. Qh7 $15 (31. g7 Qc7 $15)) 30... Bxd5 31. Bxf6 Bxf6 32. Qxf6 Rgd7 {[%emt 0:00:06] Strongly threatening ...Qb5.} 33. Ka1 $2 (33. Rxd5 $1 $11 Rxd5 34. Qc6+ Qc7 35. Qa8+ Qb8 36. Qc6+ Qc7 37. Qa8+ Qb8 38. Qc6+) 33... Qb5 $19 {[%emt 0:01:03] White must now prevent ...Qc4.} 34. Qc3 Bg2 {[%emt 0:02:35] Weighted Error Value: White=0.48/Black=0.29 (precise) .  Loses game:     	White=2     	---        Mistake:       	White=2     	Black=5      Inaccurate:     	White=1     	Black=2      OK:         	White=7     	Black=8      Best:        	White=2     	Black=3      Strong:       	White=1     	Black=1} 0-1

[Event "27th OIBM 2024"]
[Site "Gmund am Tegernsee"]
[Date "2024.10.28"]
[Round "3.12"]
[White "Schneider, Ilja"]
[Black "Ongut, Tamas Gunes"]
[Result "0-1"]
[ECO "E04"]
[WhiteElo "2449"]
[BlackElo "2224"]
[Annotator "TA"]
[PlyCount "84"]
[EventDate "2024.09.16"]
[EventType "swiss"]
[EventCountry "GER"]
[SourceTitle "playchess.com"]
[Source "ChessBase"]
[SourceQuality "1"]
[TimeControl "40/5400+30:1800+30"]

1. Nf3 d5 2. d4 Nf6 3. c4 e6 4. g3 dxc4 5. Bg2 c5 6. Qa4+ Nc6 7. O-O Bd7 8. Qxc4 cxd4 9. Nxd4 Rc8 10. Nc3 Nxd4 11. Qxd4 Bc5 12. Qh4 h6 13. Bxb7 Rb8 14. Bf3 Rb4 {[%emt 0:02:13] The position is equal.} 15. Qh3 e5 16. Qg2 Qc8 17. Rd1 O-O 18. a3 Bh3 19. Qh1 Rb3 $36 {[%emt 0:06:13][%mdl 2048] Hoping for ...Rd8. White is under pressure.} (19... Rd4 {simplifies} 20. Be3 Rxd1+ 21. Rxd1 Bxe3 22. fxe3 Re8) 20. Bd2 (20. Bg2 $11) 20... Qa6 ({Better is} 20... Rd8 $17 21. Be1 Rxb2) 21. Rac1 (21. e3 $11 {keeps the balance.}) 21... Rxb2 $17 {[%emt 0:04:34][%cal Of8d8] Black has more active pieces.} 22. Nd5 Rc8 23. Be3 Bxe3 (23... Bxa3 $6 24. Ra1 Rcb8 25. Nxf6+ Qxf6 26. Be4 $14 (26. Rxa3 Rb1 $17)) 24. Rxc8+ Bxc8 25. Nxe3 Bh3 (25... Qxa3 26. Nc4 (26. Rd8+ Kh7 $18) 26... Qc3 27. Nxb2 $18) (25... Be6 $17 26. Be4 g6 (26... Qxe2 27. Rd8+)) 26. Be4 $1 $15 g6 ({Worse is} 26... Qxe2 27. Rd8+) 27. Bd3 Qb7 (27... Qxa3 $2 {perishes.} 28. Nc4 Qb4 29. Nxb2 Qxb2 30. Qa8+ Kg7 31. Qxa7 $18) (27... Qa4 {feels hotter.} 28. Qa8+ Kg7 29. Qd8 Be6) 28. Nc4 Qxh1+ 29. Kxh1 Rb5 30. Nd6 Rd5 31. Bc2 Be6 32. Rxd5 Bxd5+ $11 {[%emt 0:00:16][%mdl 4096] Endgame. KBN-KBN} 33. Kg1 Kf8 34. f3 Ne8 35. Nc8 a5 36. Ba4 Be6 37. Na7 Nd6 38. Bc2 (38. e4 $11) 38... Bd7 {[%emt 0:01:37] ...Ke7 would now be deadly.} 39. f4 (39. Bb3 $17) 39... Nc4 (39... a4 $19 40. Kf2 Nc4) 40. Bd3 $2 {[%emt 0:00:35] [#]} (40. a4 $17 {was the only chance.}) 40... Nxa3 $19 {[%emt 0:00:21] aiming for ...Ke7.} 41. Kf2 exf4 42. gxf4 Ke7 {[%emt 0:02:07] Weighted Error Value: White=0.27 (precise) /Black=0.12 (very precise) .  Loses game:     	White=1     	---        Mistake:       	White=4     	Black=3      Inaccurate:     	White=1     	---        OK:         	White=11    	Black=16     Best:        	---       	Black=3      Strong:       	White=1     	---} 0-1

[Event "27th OIBM 2024"]
[Site "Gmund am Tegernsee"]
[Date "2024.10.28"]
[Round "3.13"]
[White "Heinz, Axel"]
[Black "Vatter, Hans-Joachim"]
[Result "1/2-1/2"]
[ECO "B11"]
[WhiteElo "2412"]
[BlackElo "2217"]
[Annotator "RC"]
[PlyCount "65"]
[EventDate "2024.09.16"]
[EventType "swiss"]
[EventCountry "GER"]
[SourceTitle "playchess.com"]
[Source "ChessBase"]
[SourceQuality "1"]
[TimeControl "40/5400+30:1800+30"]

1. e4 c6 2. Nc3 d5 3. Nf3 Bg4 4. h3 Bxf3 5. Qxf3 e6 6. g3 Nd7 7. Bg2 Ngf6 8. Qe2 dxe4 9. Nxe4 Nxe4 10. Qxe4 Nf6 11. Qe2 Be7 12. O-O O-O 13. c3 Re8 14. d4 Rc8 15. Bd2 Qd7 16. Rad1 Qc7 17. Bc1 Bd6 18. Bg5 Be7 19. Bc1 Bd6 20. Bg5 Be7 21. Qc4 h6 22. Bc1 Bd6 23. Rfe1 e5 24. dxe5 Rxe5 25. Rxe5 Bxe5 26. Bf3 Re8 27. Kg2 a6 28. h4 Re6 29. Re1 Re7 30. Rd1 Rd7 31. Re1 Re7 32. Rd1 Rd7 33. Re1 1/2-1/2

[Event "27th OIBM 2024"]
[Site "Gmund am Tegernsee"]
[Date "2024.10.28"]
[Round "3.14"]
[White "Colpe, Malte"]
[Black "Beisteiner, Joachim"]
[Result "1-0"]
[ECO "D35"]
[WhiteElo "2371"]
[BlackElo "2129"]
[Annotator "RC"]
[PlyCount "83"]
[EventDate "2024.09.16"]
[EventType "swiss"]
[EventCountry "GER"]
[SourceTitle "playchess.com"]
[Source "ChessBase"]
[SourceQuality "1"]
[TimeControl "40/5400+30:1800+30"]

1. d4 d5 2. c4 e6 3. Nc3 Nf6 4. cxd5 exd5 5. Bg5 c6 6. e3 h6 7. Bh4 Be7 8. Bd3 O-O 9. Nge2 Ne8 10. Bg3 Nd6 11. Qc2 Re8 12. O-O Bf8 13. Rae1 a5 14. Nf4 Na6 15. a3 b5 16. f3 Nc4 17. Bf2 Bd6 18. Qc1 Bb7 19. Bxc4 bxc4 20. e4 Nc7 21. e5 Bf8 22. Qc2 Rb8 23. Kh1 Bc8 24. Nh5 Qg5 25. Ng3 Qg6 26. Qc1 Bf5 27. Nxf5 Qxf5 28. Be3 Rb3 29. g4 Qg6 30. Rf2 Kh7 31. f4 f5 32. Rg1 Be7 33. Qc2 Rf8 34. Rfg2 Ne8 35. h3 Qe6 36. h4 g6 37. h5 g5 38. fxg5 Bxg5 39. Bxg5 hxg5 40. Rf2 c5 41. gxf5 Qh6 42. f6+ 1-0

[Event "27th OIBM 2024"]
[Site "Gmund am Tegernsee"]
[Date "2024.10.28"]
[Round "3.15"]
[White "Georgescu, Lena"]
[Black "Dolzhykova, Kateryna"]
[Result "1/2-1/2"]
[ECO "B12"]
[WhiteElo "2236"]
[BlackElo "2345"]
[Annotator "RC"]
[PlyCount "91"]
[EventDate "2024.09.16"]
[EventType "swiss"]
[EventCountry "GER"]
[SourceTitle "playchess.com"]
[Source "ChessBase"]
[SourceQuality "1"]
[TimeControl "40/5400+30:1800+30"]

1. e4 c6 2. d4 d5 3. e5 Bf5 4. h4 h5 5. c4 e6 6. Nc3 Be7 7. Bd3 Bxd3 8. Qxd3 dxc4 9. Qxc4 Nd7 10. Nf3 Nh6 11. Bxh6 Rxh6 12. O-O-O Nb6 13. Qe2 Nd5 14. Ne4 Nf4 15. Qd2 Nxg2 16. Nfg5 Qd5 17. f3 Nxh4 18. Rxh4 Qxa2 19. Nd6+ Bxd6 20. exd6 Rf6 21. d7+ Kxd7 22. Qb4 Kc7 23. Qe7+ Kb6 24. Qb4+ Kc7 25. Qe7+ Kb6 26. d5 a5 27. dxc6 bxc6 28. Rd7 Rf5 29. Rb7+ Ka6 30. Ne4 g5 31. Nc3 Qa1+ 32. Kc2 Rxf3 33. Rd4 Rf2+ 34. Rd2 Rxd2+ 35. Kxd2 Qf1 36. Rb3 Qf4+ 37. Kc2 Qf5+ 38. Kc1 Qf1+ 39. Kc2 Qf5+ 40. Kc1 Qf1+ 41. Nd1 Rb8 42. Rc3 Qf4+ 43. Kc2 Qa4+ 44. Kc1 Qf4+ 45. Kc2 Qa4+ 46. Kc1 1/2-1/2

[Event "27th OIBM 2024"]
[Site "Gmund am Tegernsee"]
[Date "2024.10.28"]
[Round "3.16"]
[White "Stopa, Jacek"]
[Black "Malinowsky, Levi"]
[Result "1/2-1/2"]
[ECO "D03"]
[WhiteElo "2326"]
[BlackElo "2117"]
[Annotator "RC"]
[PlyCount "91"]
[EventDate "2024.09.16"]
[EventType "swiss"]
[EventCountry "GER"]
[SourceTitle "playchess.com"]
[Source "ChessBase"]
[SourceQuality "1"]
[TimeControl "40/5400+30:1800+30"]

1. d4 Nf6 2. Bg5 d5 3. e3 e6 4. Nd2 c5 5. c3 Nc6 6. Ngf3 Be7 7. Bd3 O-O 8. O-O b6 9. Ne5 Bb7 10. Qf3 Nxe5 11. dxe5 Ne4 12. Bxe7 Qxe7 13. Nxe4 dxe4 14. Bxe4 Bxe4 15. Qxe4 Rad8 16. Rfd1 Rd7 17. Kf1 Rfd8 18. Ke1 g6 19. a4 Rd5 20. h4 Qb7 21. Rxd5 Rxd5 22. f3 Qd7 23. Rc1 Rd2 24. Rc2 Rd1+ 25. Kf2 h5 26. Kg3 Rh1 27. Rf2 Qd1 28. Qc2 Qd8 29. f4 Qxh4+ 30. Kf3 Qg4+ 31. Ke4 Rd1 32. Rd2 Re1 33. Kd3 Qf5+ 34. Kc4 Qxc2 35. Rxc2 Rxe3 36. Kb5 Re4 37. b3 Re1 38. Rb2 Rd1 39. a5 bxa5 40. Kxc5 Kf8 41. c4 Ra1 42. Kb5 Ke7 43. Ka6 a4 44. b4 a3 45. Rc2 Rb1 46. b5 1/2-1/2

[Event "27th OIBM 2024"]
[Site "Gmund am Tegernsee"]
[Date "2024.10.28"]
[Round "3.17"]
[White "Zheng, Harry Z"]
[Black "Gschiel, Alexander"]
[Result "1/2-1/2"]
[ECO "C84"]
[WhiteElo "2232"]
[BlackElo "2326"]
[Annotator "RC"]
[PlyCount "84"]
[EventDate "2024.09.16"]
[EventType "swiss"]
[EventCountry "GER"]
[SourceTitle "playchess.com"]
[Source "ChessBase"]
[SourceQuality "1"]
[TimeControl "40/5400+30:1800+30"]

1. e4 e5 2. Nf3 Nc6 3. Bb5 a6 4. Ba4 Nf6 5. d3 b5 6. Bb3 Be7 7. O-O d6 8. a4 Bd7 9. c3 O-O 10. Bc2 Re8 11. Nbd2 Bf8 12. h3 h6 13. Re1 d5 14. exd5 Nxd5 15. Ne4 f5 16. Bb3 Be6 17. Ng3 Qd6 18. Qe2 Kh7 19. axb5 axb5 20. Rxa8 Rxa8 21. Bxd5 Qxd5 22. Nxe5 Nxe5 23. Qxe5 Qxe5 24. Rxe5 Ra1 25. Rxe6 Rxc1+ 26. Nf1 Bd6 27. g3 f4 28. gxf4 Rc2 29. Ne3 Rxb2 30. f5 Rd2 31. d4 Rd3 32. f6 gxf6 33. Nd5 f5 34. h4 b4 35. cxb4 Rxd4 36. Ne3 Re4 37. Rxe4 fxe4 38. b5 Kg6 39. Kg2 h5 40. f3 exf3+ 41. Kxf3 Kf6 42. b6 cxb6 1/2-1/2

[Event "27th OIBM 2024"]
[Site "Gmund am Tegernsee"]
[Date "2024.10.28"]
[Round "3.18"]
[White "Farokhi, Keyvan"]
[Black "Hund, Sarah"]
[Result "1-0"]
[ECO "A13"]
[WhiteElo "2320"]
[BlackElo "2008"]
[Annotator "RC"]
[PlyCount "51"]
[EventDate "2024.09.16"]
[EventType "swiss"]
[EventCountry "GER"]
[SourceTitle "playchess.com"]
[Source "ChessBase"]
[SourceQuality "1"]
[TimeControl "40/5400+30:1800+30"]

1. Nf3 d5 2. e3 Nf6 3. c4 e6 4. b3 Be7 5. Bb2 O-O 6. Nc3 c5 7. cxd5 Nxd5 8. Qc2 Nc6 9. Be2 b6 10. h4 Bf6 11. g4 Ncb4 12. Qb1 g6 13. g5 Bh8 14. Ne4 f5 15. gxf6 Nxf6 16. h5 Nxe4 17. Bxh8 Kxh8 18. Qxe4 Qd5 19. Qg4 Nc2+ 20. Kd1 e5 21. Qg3 Ba6 22. hxg6 Bxe2+ 23. Kxe2 Rxf3 24. Qh2 Nd4+ 25. Kd1 Qb7 26. Qxe5+ 1-0

[Event "27th OIBM 2024"]
[Site "Gmund am Tegernsee"]
[Date "2024.10.28"]
[Round "3.19"]
[White "Kozlovic, Jernej"]
[Black "Humbert, Arthur"]
[Result "0-1"]
[ECO "B30"]
[WhiteElo "2313"]
[BlackElo "1975"]
[Annotator "RC"]
[PlyCount "77"]
[EventDate "2024.09.16"]
[EventType "swiss"]
[EventCountry "GER"]
[SourceTitle "playchess.com"]
[Source "ChessBase"]
[SourceQuality "1"]
[TimeControl "40/5400+30:1800+30"]

1. e4 c5 2. Nf3 Nc6 3. Bb5 g6 4. O-O Bg7 5. Re1 Nf6 6. e5 Ng4 7. Bxc6 dxc6 8. d3 O-O 9. Nc3 Nh6 10. h3 Nf5 11. Bf4 Nd4 12. Nxd4 cxd4 13. Ne4 b6 14. Qd2 a5 15. h4 Qd5 16. Ng3 c5 17. h5 Bb7 18. f3 Rae8 19. Kf2 f6 20. hxg6 fxe5 21. Bxe5 Bxe5 22. Qh6 Rxf3+ 23. Ke2 Rf2+ 24. Kd1 hxg6 25. Qxg6+ Kf8 26. Ne4 Qf7 27. Qxf7+ Rxf7 28. Nxc5 bxc5 29. Rxe5 Rf1+ 30. Re1 Rxe1+ 31. Kxe1 Bxg2 32. c3 Rb8 33. b3 a4 34. Rb1 axb3 35. axb3 dxc3 36. Kd1 c4 37. Kc2 cxb3+ 38. Kxc3 Bd5 39. Kd4 0-1

[Event "27th OIBM 2024"]
[Site "Gmund am Tegernsee"]
[Date "2024.10.28"]
[Round "3.20"]
[White "Brychcy, Felix"]
[Black "Hrebenshchykova, Yelyzaveta"]
[Result "1/2-1/2"]
[ECO "A13"]
[WhiteElo "1999"]
[BlackElo "2311"]
[Annotator "RC"]
[PlyCount "117"]
[EventDate "2024.09.16"]
[EventType "swiss"]
[EventCountry "GER"]
[SourceTitle "playchess.com"]
[Source "ChessBase"]
[SourceQuality "1"]
[TimeControl "40/5400+30:1800+30"]

1. Nf3 Nf6 2. c4 e6 3. Nc3 d5 4. e3 Be7 5. b3 O-O 6. Bb2 c5 7. cxd5 Nxd5 8. Qc2 Nc6 9. a3 b6 10. h4 h6 11. g4 Nxc3 12. Bxc3 Bf6 13. g5 Bxc3 14. dxc3 h5 15. Bd3 Bb7 16. Bh7+ Kh8 17. Be4 g6 18. Rg1 Qe7 19. c4 Rfd8 20. Ke2 Kh7 21. Rad1 Qc7 22. Rxd8 Rxd8 23. Rd1 Rxd1 24. Kxd1 Ne7 25. Ke2 Nf5 26. Bxb7 Qxb7 27. Qd3 Qc7 28. Qe4 Kg7 29. Qd3 Kg8 30. Qc3 Qd6 31. Qd3 Qc7 32. Qe4 Kg7 33. Qd3 Kg8 34. Qe4 Kg7 35. Qc2 Kg8 36. Qc3 Ne7 37. Qe5 Qxe5 38. Nxe5 Nf5 39. Nf3 Kf8 40. Kd3 Ke7 41. e4 Nd6 42. Ne5 a5 43. f3 Kd8 44. Kc3 Kc7 45. b4 axb4+ 46. axb4 cxb4+ 47. Kxb4 Kd8 48. c5 bxc5+ 49. Kxc5 Kc7 50. Kd4 Nb5+ 51. Kc4 Nd6+ 52. Kc5 Nb7+ 53. Kd4 Nd6 54. Nd3 Kd7 55. Ne5+ Kc7 56. Nc4 Nxc4 57. Kxc4 Kd6 58. f4 Kc6 59. e5 1/2-1/2

[Event "27th OIBM 2024"]
[Site "Gmund am Tegernsee"]
[Date "2024.10.28"]
[Round "3.21"]
[White "Spence, Isaac"]
[Black "Edelmann, Oliver"]
[Result "1-0"]
[ECO "B12"]
[WhiteElo "2077"]
[BlackElo "1951"]
[Annotator "RC"]
[PlyCount "56"]
[EventDate "2024.09.16"]
[EventType "swiss"]
[EventCountry "GER"]
[SourceTitle "playchess.com"]
[Source "ChessBase"]
[SourceQuality "1"]
[TimeControl "40/5400+30:1800+30"]

1. e4 c6 2. d4 d5 3. e5 Bf5 4. Nf3 e6 5. Be2 Nd7 6. O-O Ne7 7. Nbd2 c5 8. c4 Nc6 9. cxd5 exd5 10. dxc5 Nxc5 11. Nb3 Ne6 12. Be3 Be7 13. Nbd4 Bg6 14. Bb5 Rc8 15. Rc1 Qd7 16. Nxe6 fxe6 17. Nd4 O-O 18. Qa4 Be8 19. Rc3 a6 20. Nxc6 bxc6 21. Qxa6 Qc7 22. Rfc1 Qxe5 23. Qxc8 cxb5 24. Bc5 Bh5 25. Qd7 Bg5 26. Bxf8 Bxc1 27. Rxc1 Qxb2 28. Qc8 Be8 1-0

[Event "27th OIBM 2024"]
[Site "Gmund am Tegernsee"]
[Date "2024.10.28"]
[Round "3.22"]
[White "Tan, Yi Rui Ray"]
[Black "Tscharotschkin, Michael"]
[Result "1/2-1/2"]
[ECO "C18"]
[WhiteElo "1951"]
[BlackElo "2079"]
[Annotator "RC"]
[PlyCount "62"]
[EventDate "2024.09.16"]
[EventType "swiss"]
[EventCountry "GER"]
[SourceTitle "playchess.com"]
[Source "ChessBase"]
[SourceQuality "1"]
[TimeControl "40/5400+30:1800+30"]

1. e4 e6 2. d4 d5 3. Nc3 Bb4 4. e5 c5 5. a3 Bxc3+ 6. bxc3 Ne7 7. Qg4 Qc7 8. Qxg7 Rg8 9. Qxh7 cxd4 10. Ne2 Nbc6 11. f4 dxc3 12. h4 Bd7 13. h5 O-O-O 14. Qd3 d4 15. h6 Rg6 16. h7 Rh8 17. Nxd4 Nxd4 18. Qxd4 Bc6 19. Bd3 Rxg2 20. Be3 Rg7 21. Rf1 b6 22. Qxc3 Nd5 23. Qd2 Qe7 24. Bd4 Qh4+ 25. Qf2 Nxf4 26. Qxh4 Ng2+ 27. Ke2 Nxh4 28. Rf2 Ng6 29. Rg1 Be8 30. Rf6 Rhxh7 31. Bxg6 Rxg6 1/2-1/2

[Event "27th OIBM 2024"]
[Site "Gmund am Tegernsee"]
[Date "2024.10.28"]
[Round "3.23"]
[White "Scheckenbach, Franz"]
[Black "Hofbauer, Karl"]
[Result "1-0"]
[ECO "A04"]
[WhiteElo "2076"]
[BlackElo "1950"]
[Annotator "RC"]
[PlyCount "93"]
[EventDate "2024.09.16"]
[EventType "swiss"]
[EventCountry "GER"]
[SourceTitle "playchess.com"]
[Source "ChessBase"]
[SourceQuality "1"]
[TimeControl "40/5400+30:1800+30"]

1. e4 c5 2. Nf3 e6 3. d3 Nc6 4. g3 d6 5. Bg2 g6 6. O-O Bg7 7. Re1 Nge7 8. c3 e5 9. Be3 O-O 10. Qc1 Bd7 11. Nbd2 b5 12. Nf1 b4 13. Bh6 bxc3 14. bxc3 Rb8 15. Bxg7 Kxg7 16. Ne3 h6 17. Nc4 Be6 18. Nfd2 g5 19. Ne3 Na5 20. Qc2 Qc7 21. Ndc4 Bd7 22. Qe2 f6 23. Bf3 Nac6 24. Bg4 f5 25. Nxf5+ Nxf5 26. Bxf5 Bxf5 27. exf5 Rxf5 28. Ne3 Rff8 29. Rab1 Qf7 30. Rxb8 Rxb8 31. h4 Rf8 32. hxg5 hxg5 33. Kg2 Ne7 34. Ng4 Qd5+ 35. f3 Rh8 36. c4 Qe6 37. Rb1 Rf8 38. Rb7 a5 39. Qd2 Kg6 40. Qe3 Rf7 41. Qe4+ Qf5 42. Rb6 Kg7 43. Rxd6 Qxe4 44. dxe4 Ng6 45. Rxg6+ Kxg6 46. Nxe5+ Kf6 47. Nxf7 1-0